 Dungeon Crawl Stone Soup version 0.30-a0-578-gdee14c521f (webtiles) character file.

Game seed: 1532883478036735868

116 Sabo the Covered (level 4, 0/60 HPs)
             Began as an Armataur Berserker on Dec 31, 2022.
             Was a Follower of Trog.
             Succumbed to a scorpion's poison
             ... on level 3 of the Dungeon.
             The game lasted 00:07:49 (1585 turns).

Sabo the Covered (Armataur Berserker)               Turns: 1585, Time: 00:07:50

Health: 0/60       AC:  8    Str: 25    XL:     4   Next: 70%
Magic:  4/4        EV:  6    Int:  7    God:    Trog [*.....]
Gold:   132        SH:  0    Dex:  9    Spells: 3/3 levels left

rFire   . . .      SeeInvis .    h - +3 short sword (holy)
rCold   . . .      Faith    .    (no shield)
rNeg    . . .      Spirit   .    j - +0 chain mail
rPois   .          Reflect  .    (no helmet)
rElec   .          Harm     .    (no cloak)
rCorr   .          Roll     +    (no gloves)
Will    .....                    (no barding) Stlth
                                 (no amulet)
HPRegen 0.30/turn                (no ring)
MPRegen 0.09/turn                (no ring)

@: berserking (expiring), lethally poisoned (0 -> -5), very quick
A: large, rugged brown scales 3, deformed body, armoured tail, roll, long
tongue, awkward tongue
a: Renounce Religion, Berserk


You were on level 3 of the Dungeon.
You worshipped Trog.
Trog was aware of your devotion.
You visited 1 branch of the dungeon, and saw 3 of its levels.

You collected 132 gold pieces.

Inventory:

Hand Weapons
 a - a +0 hand axe
 g - a +0 sling
 h - a +3 short sword of holy wrath (weapon)
Missiles
 q - 6 boomerangs (quivered)
Armour
 j - a +0 chain mail (worn)
Scrolls
 d - a scroll of teleportation
 i - a scroll of magic mapping
 k - 2 scrolls of fear
 n - a scroll of enchant armour {unknown}
 o - a scroll of immolation {unknown}
 p - a scroll of vulnerability {unknown}
Potions
 b - a potion of cancellation {unknown}
 c - 2 potions of mutation {unknown}
 f - 2 potions of brilliance {unknown}
 l - a potion of heal wounds {unknown}
 m - a potion of curing {unknown}


   Skills:
 + Level 3.3 Fighting
 + Level 0.6 Short Blades
 + Level 3.3 Axes
 + Level 3.5 Armour
 + Level 1.9 Dodging


You had 3 spell levels left.
You didn't know any spells.
Your spell library was empty.

Dungeon Overview and Level Annotations

Branches:
Dungeon (3/15)

Altars:

Shops:
D:1 *


Innate Abilities, Weirdness & Mutations

You are completely covered in rugged brown scales. (AC +3, +7% HP)
Armour fits poorly on your strangely shaped body.
You have a long armoured tail.
You roll when moving toward enemies. (Rampage)
Your long tongue fully drains potion bottles. (2x potion effects)
Your tongue gives you trouble enunciating. (1.5x scroll delay)


Message History

The scorpion stings you but does no damage.
A red film seems to cover your vision as you go berserk!
You feel yourself moving faster!
You feel mighty!
You feel sick.
The scorpion stings you but does no damage.
The scorpion stings you.
You are lethally poisoned!
The scorpion poisons you!
You hit the scorpion.
The scorpion is heavily wounded.
You feel very sick.
You puncture the scorpion!
The scorpion is almost dead.
* * * LOW HITPOINT WARNING * * *
You feel very sick. The scorpion stings you.
* * * LOW HITPOINT WARNING * * *
You puncture the scorpion!
You feel the power of Trog in you as your rage grows.
You kill the scorpion!
Trog accepts your kill.
* * * LOW HITPOINT WARNING * * *
You feel sick.
You have reached level 4!
You feel stronger.
There is a lethal amount of poison in your body!
You are too berserk!
* * * LOW HITPOINT WARNING * * *
You feel very sick.
You feel a strong urge to attack something.
* * * LOW HITPOINT WARNING * * *
You feel sick.
* * * LOW HITPOINT WARNING * * *
You feel sick.
You feel your anger nearly subside.
* * * LOW HITPOINT WARNING * * *
You feel sick.
* * * LOW HITPOINT WARNING * * *
You feel sick.
Your blood rage is quickly leaving you.
You die...

# .....###...
#. #.†...!...
.. #...#
###.##...#
#........#
###.##..####
...........#
.....#..####
######.@#
#..# #..#
########..#
#####
..........#
#.#.#
######..##
#.#.#
#.#######.#.#
#.# #.....#.#
#.# #.#####.#


There were no monsters in sight!

Vanquished Creatures
  A scorpion (D:3)
  Jessica (D:2)
  An adder (D:2)
  2 endoplasms (D:1)
  2 giant cockroaches (D:1)
  4 goblins (D:1)
  2 hobgoblins
  4 jackals (D:1)
  2 kobolds
  A quokka (D:1)
  A ball python (D:1)
  A bat (D:2)
22 creatures vanquished.

Notes
Turn   | Place    | Note
-------+----------+-------------------------------------------
     0 | D:1      | Sabo the Armataur Berserker began the quest for the Orb.
     0 | D:1      | Reached XP level 1. HP: 19/19 MP: 1/1
   176 | D:1      | Reached XP level 2. HP: 14/26 MP: 2/2
   232 | D:1      | Found Ostoh's Assorted Antiques.
  1013 | D:2      | Reached XP level 3. HP: 26/33 MP: 3/3
  1254 | D:2      | Noticed Jessica
  1264 | D:2      | Killed Jessica
  1565 | D:3      | Noticed a scorpion
  1579 | D:3      | Killed a scorpion
  1580 | D:3      | Reached XP level 4. HP: 9/40 MP: 4/4
  1583 | D:3      | HP: 2/60 [poisoned by a scorpion]
  1585 | D:3      | Succumbed to a scorpion's poison

Illustrated notes

Levels and vault maps discovered:
D:1:      wheals_arrival_linesprint, layout_basic, serial_shops, shop
D:2:      layout_rooms, serial_glass, glass_columns_c, glass_columns_a,
          uniq_jessica
D:3:      layout_loops_ring, overflow_temple_1_default,
          mainiacjoe_overflow_alcove_4, nicolae_ecumenical_snake_handling,
          minmay_misc_feat_nine_boxes, chequers_serial_rivers_micro_e,
          uniq_terence, uniq_sigmund

Skill      XL: |  1  2  3 |
---------------+----------+-----
Fighting       | 3 |  3.3
Axes           | 3 |  3.3
Armour         | 3 |  3.5
Short Blades   | |  0.6
Dodging        | |  1.9

Action                   |  1- 3 |  4- 6 || total
-------------------------+-------+-------++-------
Melee: Hand axe          |    63 |       ||    63
       Short sword       |    38 |       ||    38
       Tailslap          |     1 |       ||     1
Invok: Berserk           |     1 |       ||     1
  Use: Scroll            |     4 |       ||     4
Armor: Animal skin       |    16 |       ||    16
       Chain mail        |    20 |       ||    20
       Ring mail         |     4 |       ||     4
Dodge: Dodged            |    52 |       ||    52

Table legend: (Time is in decaauts)
 A = Elapsed time spent in this place.
 B = Non-inter-level travel time spent in this place.
 C = Inter-level travel time spent in this place.
 D = Time resting spent in this place.
 E = Time spent auto-exploring this place.
 F = Levels seen in this place.
 G = Mean time per level.
                   A        B        C        D        E       F      G
               +--------+--------+--------+--------+--------+-----+--------+
         Total |   1593 |   1593 |      0 |    115 |      0 |   3 |  531.0 |
       Dungeon |   1593 |   1593 |      0 |    115 |      0 |   3 |  531.0 |
               +--------+--------+--------+--------+--------+-----+--------+

Top non-repeatable levels by time:
     D:1: 937 daAuts
     D:2: 564 daAuts
     D:3: 92 daAuts
